AoeStats
← God's whip Attila

Arena

507668996Analyzed
4v4 RM · 12d ago on Sep 19, 2026· 21m 2s· 8 players
Game mode
Random Map
Map size
Large (8 player)
Population
200
Speed
Normal
Resources
Standard
Victory
Conquest
Starting age
Dark Age
Ending age
Imperial Age
RankedLock teamsTeams togetherTeam positionsShared explorationLock speedFull tech treeHidden civsTurbo modeCheats
Victory
Defeat
🇯🇵 Magyars · Japan
883
+14
🇦🇷 Spanish · Argentina
875
+15
🇹🇷 Britons · Türkiye
871
+15
🇨🇿 Britons · Czechia
856
+16
🇨🇱 Turks · Chile
883
-16
🇷🇺 Ethiopians · Russia
847
-15
🇺🇸 Khmer · United States
840
-15
🇬🇧 Bulgarians · United Kingdom
828
-14
brianchen0618
6:03 Loom
10:12 Feudal Age
10:44 Double-Bit Axe
12:04 Horse Collar
14:51 Gold Mining
18:24 Wheelbarrow
20:41 Castle Age
19:18 Stone Mining
20:21 Man-at-Arms
20:51 Arson
yuziba
11:20 Loom
14:27 Feudal Age
14:53 Man-at-Arms
16:35 Wheelbarrow
15:52 Double-Bit Axe
15:58 Horse Collar
16:46 Scale Mail Armor
19:31 Forging
22:05 Castle Age
God's whip Attila
10:57 Feudal Age
16:13 Horse Collar
16:59 Double-Bit Axe
19:14 Loom
20:17 Fletching
Flachyc
15:37 Feudal Age
15:49 Man-at-Arms
16:16 Arson
16:52 Double-Bit Axe
22:36 Castle Age
littlesuperstar
RiqOne
10:07 Feudal Age
11:07 Double-Bit Axe
13:01 Man-at-Arms
17:54 Forging
Alfakong
ISpillTheCoffee
Connection lost

Rejoining the realm…

Still unreachable

The connection could not be restored.

Session expired

The server has moved on; the page needs a fresh start.